General information
- name: BNet
- type: Ladder team game (AT/RT)
- host: Battle.net
- saver: lord_liegely
map: Dragonblight
- players: 6
- length: 09:15
- speed: Fast
- version: 1.27 W3XP
- replay type:

» download(72 KB)
Players
team 1 (loser)
karl1 (
red | 76 APM | 700 actions | 09:09)
1 Priestess of the Moon
1 Trueshot Aura
» actions
| Assign group hotkey | 9 | |
| Basic commands | 19 | |
| Build / train | 29 | |
| ESC pressed | 1 | |
| Enter build submenu | 19 | |
| Enter hero's abilities submenu | 1 | |
| Right click | 440 | |
| Select / deselect | 104 | |
| Select group hotkey | 50 | |
| Use ability | 28 | |
700 total
» units
| Wisp | 20 | |
| Huntress | 4 | |
| Glaive Thrower | 2 | |
26 total
» upgrades
» buildings
| Altar of Elders | 1 | |
| Moon Well | 4 | |
| Hunter's Hall | 2 | |
| Ancient of War | 3 | |
| Ancient Protector | 6 | |
16 total
» build order
00:07 Altar of Elders
00:18 Moon Well
02:02 Hunter's Hall
02:05 Ancient of War
02:41 Moon Well
02:45 Ancient of War
04:35 Ancient Protector
04:38 Ancient Protector
04:38 Ancient Protector
05:19 Moon Well
05:49 Ancient Protector
05:50 Ancient Protector
05:51 Ancient Protector
06:20 Ancient of War
06:22 Moon Well
08:45 Hunter's Hall
smurf_korni (
blue | 100 APM | 928 actions | 09:14)
3 Death Knight
2 Death Coil
1 Unholy Aura
1 Lich
1 Frost Nova
» actions
| Assign group hotkey | 27 | |
| Basic commands | 59 | |
| Build / train | 30 | |
| ESC pressed | 2 | |
| Enter build submenu | 9 | |
| Enter hero's abilities submenu | 4 | |
| Right click | 319 | |
| Select / deselect | 160 | |
| Select group hotkey | 272 | |
| Use ability | 46 | |
928 total
» units
| Acolyte | 3 | |
| Ghoul | 2 | |
| Crypt Fiend | 5 | |
10 total
» upgrades
» buildings
| Graveyard | 1 | |
| Crypt | 1 | |
| Ziggurat | 3 | |
| Altar of Darkness | 1 | |
| Tomb of Relics | 1 | |
| Nerubian Tower | 1 | |
| Halls of the Dead | 1 | |
9 total
» build order
00:06 Graveyard
00:09 Crypt
00:32 Ziggurat
00:49 Altar of Darkness
01:03 Ziggurat
01:33 Tomb of Relics
02:15 Nerubian Tower
03:43 Halls of the Dead
03:57 Ziggurat
» items
| Rod of Necromancy | 2 | |
| Dust of Appearance | 1 | |
| Sacrificial Skull | 1 | |
| Potion of Healing | 1 | |
5 total
teh_klaus (
green | 76 APM | 627 actions | 08:12)
1 Demon Hunter
1 Mana Burn
1 Pandaren Brewmaster
1 Breath of Fire
» actions
| Assign group hotkey | 39 | |
| Basic commands | 40 | |
| Build / train | 23 | |
| Enter build submenu | 7 | |
| Enter hero's abilities submenu | 2 | |
| Right click | 254 | |
| Select / deselect | 146 | |
| Select group hotkey | 91 | |
| Use ability | 25 | |
627 total
» units
| Wisp | 11 | |
| Archer | 5 | |
| Ice Troll Berserker | 1 | |
17 total
» upgrades
» buildings
| Altar of Elders | 1 | |
| Moon Well | 3 | |
| Ancient of War | 2 | |
| Tree of Ages | 1 | |
| Ancient of Wonders | 1 | |
8 total
» build order
00:06 Altar of Elders
00:12 Moon Well
00:50 Ancient of War
01:49 Moon Well
03:25 Tree of Ages
04:10 Moon Well
04:20 Ancient of Wonders
04:43 Ancient of War
team 2 (winner)
Hairpiece (
yellow | 112 APM | 1034 actions | 09:15)
2 Blademaster
1 Wind Walk
1 Critical Strike
1 Tauren Chieftain
1 Shockwave
» actions
| Assign group hotkey | 8 | |
| Basic commands | 3 | |
| Build / train | 46 | |
| Enter build submenu | 20 | |
| Enter hero's abilities submenu | 3 | |
| Give item / drop item | 5 | |
| Right click | 751 | |
| Select / deselect | 142 | |
| Select group hotkey | 11 | |
| Use ability | 45 | |
1034 total
» units
» buildings
| Altar of Storms | 1 | |
| Orc Burrow | 3 | |
| War Mill | 1 | |
| Voodoo Lounge | 2 | |
| Watch Tower | 8 | |
| Stronghold | 3 | |
| Beastiary | 2 | |
| Fortress | 4 | |
24 total
» build order
00:08 Altar of Storms
00:19 Orc Burrow
00:36 War Mill
01:21 Voodoo Lounge
01:51 Watch Tower
02:28 Watch Tower
02:29 Watch Tower
02:52 Watch Tower
03:43 Watch Tower
03:46 Stronghold
03:47 Stronghold
03:47 Stronghold
03:51 Voodoo Lounge
04:36 Watch Tower
05:01 Orc Burrow
05:34 Watch Tower
05:49 Watch Tower
05:56 Orc Burrow
06:11 Beastiary
06:13 Beastiary
07:21 Fortress
07:21 Fortress
07:21 Fortress
» items
| Boots of Speed | 2 | |
| Staff of Teleportation | 8 | |
| Dust of Appearance | 5 | |
| Healing Salve | 2 | |
| Lesser Clarity Potion | 2 | |
19 total
lord_liegely (
teal | 120 APM | 1109 actions | 09:15)
3 Archmage
2 Blizzard
1 Brilliance Aura
1 Blood Mage
1 Flame Strike
» actions
| Assign group hotkey | 230 | |
| Basic commands | 15 | |
| Build / train | 56 | |
| Enter build submenu | 60 | |
| Enter hero's abilities submenu | 4 | |
| Right click | 347 | |
| Select / deselect | 190 | |
| Select group hotkey | 113 | |
| Use ability | 94 | |
1109 total
» units
» upgrades
| Masonry | 2 | |
| Lumber Harvesting | 1 | |
3 total
» buildings
| Altar of Kings | 1 | |
| Farm | 7 | |
| Lumber Mill | 1 | |
| Scout Tower | 45 | |
| Arcane Tower | 5 | |
| Guard Tower | 21 | |
| Arcane Vault | 3 | |
| Keep | 1 | |
| Castle | 1 | |
| Arcane Sanctum | 1 | |
86 total
» build order
00:06 Altar of Kings
00:18 Farm
00:55 Lumber Mill
01:01 Scout Tower
01:03 Scout Tower
01:18 Farm
01:21 Scout Tower
01:23 Scout Tower
01:27 Scout Tower
01:29 Scout Tower
01:31 Arcane Tower
02:02 Arcane Tower
02:28 Scout Tower
02:29 Guard Tower
02:30 Scout Tower
02:41 Scout Tower
02:42 Scout Tower
02:42 Arcane Tower
02:43 Guard Tower
03:07 Guard Tower
03:39 Scout Tower
03:40 Scout Tower
03:48 Guard Tower
03:48 Guard Tower
03:49 Scout Tower
03:58 Farm
04:00 Farm
04:02 Farm
04:04 Farm
04:09 Scout Tower
04:10 Scout Tower
04:11 Guard Tower
04:14 Scout Tower
04:14 Scout Tower
04:26 Guard Tower
04:27 Scout Tower
04:28 Scout Tower
04:30 Scout Tower
04:31 Scout Tower
04:35 Arcane Tower
04:36 Guard Tower
04:41 Arcane Vault
04:46 Guard Tower
05:06 Guard Tower
05:09 Scout Tower
05:11 Scout Tower
05:12 Guard Tower
05:16 Keep
05:23 Guard Tower
05:24 Arcane Vault
05:29 Arcane Vault
05:56 Guard Tower
06:09 Scout Tower
06:09 Scout Tower
06:18 Guard Tower
06:24 Guard Tower
06:32 Farm
06:56 Scout Tower
06:57 Scout Tower
07:08 Guard Tower
07:09 Scout Tower
07:10 Scout Tower
07:10 Scout Tower
07:21 Scout Tower
07:22 Scout Tower
07:23 Scout Tower
07:24 Scout Tower
07:25 Scout Tower
07:26 Scout Tower
07:31 Scout Tower
07:33 Scout Tower
07:47 Castle
07:50 Arcane Sanctum
07:59 Guard Tower
08:00 Scout Tower
08:02 Scout Tower
08:03 Scout Tower
08:04 Scout Tower
08:09 Guard Tower
08:10 Scout Tower
08:11 Scout Tower
08:15 Guard Tower
08:34 Arcane Tower
08:44 Scout Tower
08:57 Guard Tower
» items
| Healing Salve | 1 | |
| Lesser Clarity Potion | 1 | |
| Potion of Healing | 1 | |
3 total
peasantry (
orange | 80 APM | 737 actions | 09:15)
2 Warden
1 Shadow Strike
1 Fan of Knives
» actions
| Assign group hotkey | 52 | |
| Basic commands | 5 | |
| Build / train | 34 | |
| ESC pressed | 1 | |
| Enter build submenu | 10 | |
| Enter hero's abilities submenu | 2 | |
| Right click | 395 | |
| Select / deselect | 174 | |
| Select group hotkey | 37 | |
| Use ability | 27 | |
737 total
» units
» buildings
| Altar of Elders | 1 | |
| Moon Well | 6 | |
| Tree of Life | 1 | |
8 total
» build order
00:04 Altar of Elders
00:21 Moon Well
01:43 Moon Well
05:28 Moon Well
05:56 Moon Well
05:56 Moon Well
06:19 Moon Well
07:53 Tree of Life
» items
| Staff of Teleportation | 1 | |
| Boots of Speed | 1 | |
| Healing Salve | 1 | |
| Lesser Clarity Potion | 1 | |
4 total
Chat log
(00:03 / All) Hairpiece:
(00:08 / All) lord_liegely: GL HF
(00:10 / All) Hairpiece: ))
(00:11 / All) karl1:
(02:54 / All) teh_klaus: fucking morons
(03:15 / All) teh_klaus: awesome
(03:22 / All) teh_klaus: on your own buildings fucking sidio
(08:32 / All) lord_liegely: noob?
(09:14 / All) Hairpiece: bye